Map: Orbital Shipyard

Players

capac - Winner!

  • Race: Terran Terran
  • League: Gold

A.I. 1 (Elite)

  • Race: Terran Terran

VOD

Have the link to the VOD?

Description

Time

  • Played on: March 2, 2016, 12:47 p.m.
  • Length: 10:51
Show
View Real Time Build Order
Export as new Build Order

capac Terran - Winner!

Build Orders:  

Get SALT Encoding   

  12  0:01  SCV  
  13  0:14  SCV  
  13  0:18  Supply Depot  
  14  0:26  SCV  
  15  0:40  SCV  
  16  0:42  Barracks  
  16  0:47  Refinery  
  16  0:52  SCV  
  17  1:04  SCV  
  18  1:16  SCV  
  19  1:28  SCV  
  19  1:31  Barracks Reactor  
  20  1:38  Command Center  
  20  1:40  SCV  
  21  1:53  Supply Depot, Orbital Command  
  21  2:07  Marine x2  
  23  2:20  SCV  
  23  2:21  Barracks  
  24  2:27  Marine x2  
  26  2:40  SCV  
  27  2:45  Refinery  
  27  2:47  Factory  
  27  2:55  Marine x2  
  28  3:05  SCV  
  29  3:08  Orbital Command  
  29  3:13  Barracks Tech Lab  
  29  3:17  Marine  
  29  3:18  Engineering Bay, Marine  
  31  3:23  SCV  
  32  3:33  Factory Tech Lab  
  32  3:34  Starport  
  32  3:35  SCV  
  32  3:36  Marine  
  32  3:37  Marine  
  32  3:40  Marine  
  36  3:48  SCV x2  
  38  3:54  Supply Depot  
  38  4:02  SCV x2  
  40  4:11  Marine x3  
  40  4:14  Siege Tank  
  46  4:21  Supply Depot  
  46  4:28  Terran Infantry Weapons Level 1  
  46  4:31  Starport Reactor  
  46  4:32  Marine x3  
  46  4:33  SCV  
  46  4:35  SCV  
  51  4:41  Refinery  
  51  4:46  Supply Depot, Siege Tank  
  51  4:50  Marine x2  
  51  4:51  Marine  
  57  4:54  SCV x2  
  59  5:04  Barracks  
  59  5:06  SCV x2  
  61  5:08  Marine x3  
  61  5:11  Supply Depot  
  64  5:18  Medivac x2  
  68  5:24  SCV  
  68  5:26  SCV  
  70  5:32  Marine x3, Siege Tank  
  70  5:35  Supply Depot  
  76  5:39  Liberator  
  76  5:50  Marine x2  
  76  5:54  Barracks Reactor  
  76  5:56  Marine  
  82  5:57  SCV  
  82  5:58  SCV  
  82  6:02  Refinery  
  84  6:06  Medivac  
  86  6:13  Supply Depot  
  86  6:15  Marine x3  
  86  6:17  Siege Tank  
  92  6:24  Command Center  
  92  6:25  SCV x2  
  94  6:33  Stimpack  
  94  6:35  Marine x4  
  98  6:51  Siege Tank  
  101  6:54  SCV  
  101  7:00  Supply Depot  
  102  7:02  Marine x5  
  102  7:03  SCV, Medivac  
  110  7:14  Terran Infantry Armor Level 1  
  110  7:20  Marine x5  
  115  7:23  Supply Depot  
  115  7:25  Armory  
  115  7:26  Siege Tank  
  118  7:41  Marine x4  
  118  7:42  Marine  
  123  7:59  Marine  
  121  8:14  Marine  
  121  8:15  Marine x3  
  121  8:17  Marine, Siege Tank, Medivac x2  
  133  8:46  Marine x5  
  133  8:48  Medivac x2  
  140  8:49  Siege Tank  
  140  8:51  Supply Depot  
  138  9:13  Marine x3  
  138  9:14  Marine x2  
  138  9:15  Supply Depot  
  143  9:17  Orbital Command  
  143  9:18  Medivac x2  
  143  9:21  Siege Tank  
  150  9:31  Marine  
  130  10:07  Marine x5  
  135  10:25  Marine x2  
Show
View Real Time Build Order
Export as new Build Order

A.I. 1 (Elite) Terran 

Build Orders: MMM Bio 

Get SALT Encoding   

  12  0:00  SCV  
  13  0:13  SCV  
  14  0:20  Supply Depot  
  14  0:25  SCV  
  15  0:29  Refinery  
  15  0:41  SCV  
  16  0:47  Barracks  
  16  0:53  SCV  
  17  1:05  SCV  
  18  1:17  SCV  
  19  1:36  Supply Depot, Orbital Command  
  19  1:37  Marine  
  20  1:40  Factory  
  20  1:49  Barracks  
  20  1:54  Marine  
  21  2:01  SCV  
  21  2:03  Refinery  
  22  2:12  Marine  
  22  2:14  SCV  
  24  2:19  Supply Depot  
  24  2:24  Factory Tech Lab  
  24  2:26  SCV  
  25  2:30  Marine  
  25  2:35  Marine  
  27  2:42  Siege Tank  
  30  2:44  SCV  
  30  2:48  Marine  
  32  2:53  Marine  
  33  2:59  Supply Depot, SCV  
  34  3:06  Marine  
  34  3:11  Marine  
  36  3:15  Siege Tank  
  39  3:21  SCV  
  39  3:24  Marine  
  41  3:29  Marine  
  41  3:33  Supply Depot  
  42  3:38  Starport  
  42  3:42  Barracks Tech Lab  
  42  3:48  Barracks Tech Lab  
  42  3:51  SCV  
  43  4:03  Stimpack  
  43  4:09  SCV  
  44  4:17  Supply Depot, Medivac  
  46  4:36  Combat Shields  
  46  4:41  Marine  
  46  4:42  Marauder  
  46  4:45  Barracks  
  49  4:47  Medivac  
  49  4:51  Command Center  
  53  5:00  Marauder  
  53  5:03  Marauder  
  55  5:13  Supply Depot  
  55  5:18  Engineering Bay  
  57  5:21  Marauder  
  57  5:29  Marauder  
  61  5:43  Marauder  
  61  5:44  Terran Infantry Weapons Level 1  
  61  5:51  Marauder  
  61  5:53  Engineering Bay  
  63  6:00  Marine  
  66  6:04  Supply Depot, Marauder  
  66  6:05  SCV  
  66  6:10  SCV  
  68  6:17  SCV  
  69  6:18  Terran Infantry Armor Level 1  
  69  6:22  SCV  
  70  6:29  SCV  
  71  6:34  SCV  
  71  6:38  Concussive Shells, Marine, Barracks Reactor  
  71  6:39  Marauder  
  75  6:41  SCV  
  75  6:46  SCV  
  77  6:48  Refinery  
  77  6:53  SCV  
  78  6:57  Marauder  
  78  6:58  Command Center  
  78  7:01  SCV  
  81  7:05  SCV  
  82  7:09  Siege Tank  
  82  7:13  SCV  
  82  7:14  Supply Depot  
  86  7:18  SCV  
  86  7:25  SCV  
  87  7:30  SCV  
  88  7:37  SCV  
  88  7:38  Supply Depot  
  88  7:42  Siege Tank, SCV  
  88  7:54  SCV  
  88  7:57  Marine  
  86  7:59  Marine x2  
  75  8:06  SCV  
  75  8:08  Marine  
  75  8:10  SCV  
  70  8:16  Marauder  
  70  8:18  SCV  
  73  8:22  SCV  
  73  8:26  Marauder  
  76  8:30  SCV  
  77  8:34  Siege Tank, SCV  
  78  8:42  SCV  
  78  8:46  SCV  
  75  8:53  Marine  
  75  8:54  SCV  
  76  8:58  SCV  
  76  8:59  Marine  
  76  9:02  Marine  
  73  9:04  Marine  
  73  9:06  Siege Tank, SCV  
  78  9:10  SCV  
  78  9:11  Marine  
  80  9:17  Marauder  
  80  9:19  Viking, SCV  
  80  9:23  SCV  
  86  9:31  SCV  
  87  9:35  SCV  
  88  9:43  SCV  
  88  9:45  Command Center  
  60  9:47  Marine  
  60  9:48  Marine  
  60  9:49  Viking  
  60  9:50  Marine  
  60  9:52  Marine  
  65  9:58  SCV  
  66  10:05  Marine  
  66  10:07  Marauder  
  69  10:08  Marine  
  69  10:10  SCV  
Tags
 
Composition
MMM Bio
League
Gold
Matchup
TvT
Race
Terran
Add a new tag
Caveats
  • Supply blocks, unpowered buildings, or Contaminate may cause inaccurate times.
  • Supply counts are checked every 10 seconds.